 Dungeon Sprint DCSS version 0.29-a0-307-gecccbbdb84 (webtiles) character file.

Game seed: 12611861378468673833

735 Conn the Arsonist (level 7, 0/43 HPs)
             Began as an Octopode Fire Elementalist on Mar 27, 2022.
             Was an Initiate of Sif Muna.
             Slain by a polar bear (4 damage)
             ... in the Dungeon (Sprint II: "The Violet Keep of Menkaure").
             The game lasted 00:04:23 (197 turns).

Conn the Arsonist (Octopode Fire Elementalist)       Turns: 197, Time: 00:04:26

Health: 0/43       AC:  1    Str:  7    XL:     7   Next: 74%
Magic:  14/15      EV: 14    Int: 20    God:    Sif Muna [......]
Gold:   243        SH:  0    Dex: 12    Spells: 4/17 levels left

rFire   . . .      SeeInvis .   (no weapon)
rCold   . . .      Faith    .   (no shield)
rNeg    . . .      Spirit   .   (helmet restricted)
rPois   .          Reflect  .   (no amulet)
rElec   .          Harm     .   (no ring)
rCorr   .          Rampage  .   (no ring)
Will    .....      NoTele   +   (no ring)
Stlth   ++++......              (no ring)
HPRegen 0.14/turn               (no ring)
MPRegen 0.14/turn               (no ring)
                                (no ring)
                                (no ring)

@: no status effects
A: almost no armour, amphibious, 8 rings, camouflage 1, gelatinous body 1,
(nimble swimmer 1), tentacles
a: Renounce Religion


You were in the Dungeon.
You worshipped Sif Muna.
Sif Muna was noncommittal.
You visited 1 branch You collected 243 gold pieces.

Inventory:

Scrolls
 f - a scroll of blinking
Potions
 a - a potion of magic


   Skills:
 + Level 1.2 Fighting
 + Level 5.1 Dodging
 + Level 5.8 Stealth
 + Level 5.9 Spellcasting
 * Level 6.4 Conjurations
 + Level 0.2 Hexes
 * Level 12.6 Fire Magic


You had 4 spell levels left.
You knew the following spells:

 Your Spells              Type           Power      Damage    Failure   Level
a - Foxfire               Conj/Fire      100%       2x1d9     1%          1
b - Conjure Flame         Conj/Fire      44%        6-21      1%          3
c - Inner Flame           Hex/Fire       31%        N/A       2%          3
d - Flame Wave            Conj/Fire      44%        2d10      1%          4
e - Scorch                Fire           100%       2d10      1%          2

Your spell library contained the following spells:

 Spells                   Type           Power      Damage    Failure   Level


Dungeon Overview and Level Annotations

Branches:
Dungeon (1/1)

Altars:
Cheibriados
Dithmenos
Elyvilon
Fedhas
Gozag
Hepliaklqana
Kikubaaqudgha
Makhleb
Nemelex Xobeh
Okawaru
Qazlal
Ru
Sif Muna
Trog
Uskayaw
Vehumet
Wu Jian
Xom
Yredelemnul
Zin
The Shining One
Beogh
Jiyva
Lugonu

Annotations:
D Roxanne


Innate Abilities, Weirdness & Mutations

You cannot wear most types of armour.
You are amphibious.
You can wear up to eight rings at the same time.
Your skin changes colour to match your surroundings (Stealth+).
Your rubbery body absorbs attacks. (AC +1, EV +1)
((You are camouflaged when in or above water. (Stealth+)))
You have tentacles for arms and can constrict up to eight enemies at once.


Message History

The polar bear is lightly wounded.
The polar bear is engulfed in blazing flames.
Flame seeps out of the polar bear.
Casting: Scorch (safe; 1% risk of failure)
Confirm with . or Enter, or press ? or * to list all spells.
Flames lash the polar bear.
The polar bear is burned terribly!
Flame seeps out of the polar bear.
The polar bear is heavily wounded.
The polar bear is engulfed in blazing flames.
Flame seeps out of the polar bear.
The polar bear attacks as you move away!
The polar bear bites you. The polar bear claws you. x2
The polar bear is engulfed in blazing flames.
Sif Muna accepts your kill.
The polar bear explodes!
Your Fighting skill increases to level 1!
Your Dodging skill increases to level 5!
Your Conjurations skill increases to level 6!
Your Fire Magic skill increases to level 12!
Casting: Scorch (safe; 1% risk of failure)
Confirm with . or Enter, or press ? or * to list all spells.
Aiming: Inner Flame (dangerous; 2% risk of failure)
Press: ? - help, Dir - move target, f - polar bear
Aim: a polar bear (chance to affect: 84%)
The polar bear barely resists.
Unknown command.
Casting: Inner Flame (dangerous; 2% risk of failure)
Confirm with . or Enter, or press ? or * to list all spells.
Okay, then.
Unknown command.
Unknown command.
Unknown command.
Magic courses through your body.
The polar bear is engulfed in blazing flames.
The polar bear bites you!
* * * LOW HITPOINT WARNING * * *
The polar bear claws you.
* * * LOW HITPOINT WARNING * * *
The polar bear claws you.
You die...

#..#....# ...# ##▓$$??[!![▓▓
†.####..## #..# $#▓?$$:!??[▓▓
†## .##..# +..# .#▓)[$[$"[?▓▓
.##l# #..# #..# .#▓(!$$$!$$▓▓
<.+# +..####..##y#▓))?)[[?$▓▓
.##$#
#....###...##▓▓▓▓▓▓▓+▓▓▓▓+▓
+#
l##.§....≈§c≈≈≈≈≈≈≈≈≈≈...≈≈≈▓
#≈≈.....≈#h########+###.≈≈≈▓
#≈≈§≈§≈≈..≈#§@_._._.#S≈≈# ≈≈▓
#≈≈≈≈≈≈§≈.≈#._._._..#S≈§§# ▓
#≈≈≈≈≈≈≈≈≈≈≈#_._._._.#≈§§§≈#
≈≈≈≈≈≈≈§≈≈≈≈≈#._._._._#§≈§≈≈≈
+++#≈§≈≈≈§≈≈≈#.._._._.#≈≈≈≈≈≈
##≈≈≈###§§#..._._._#§§§§≈S
##§§ #§≈#...._._.#§≈§
#§§#....._._#≈≈§
§≈≈##########≈≈≈


You could see a polar bear, a yaktaur and a hornet.

Vanquished Creatures
  A polar bear (D)
  Menkaure (D)
  2 water moccasins (D)
  4 necrophages (D)
8 creatures vanquished.

Vanquished Creatures (others)
  36 foxfires (D)
  8 tentacles (D)
44 creatures vanquished.

Grand Total: 52 creatures vanquished

Notes
Turn   | Place    | Note
-------+----------+-------------------------------------------
     0 | D        | Conn the Octopode Fire Elementalist began the quest for the
                  | Orb.
     0 | D        | Reached XP level 1. HP: 11/11 MP: 3/3
     1 | D        | Noticed a boulder beetle
     1 | D        | Noticed a boulder beetle
     4 | D        | Noticed a necrophage
     4 | D        | Noticed a necrophage
     4 | D        | Noticed a necrophage
     4 | D        | Noticed a necrophage
     9 | D        | Killed a necrophage
    10 | D        | Reached skill level 6 in Fire Magic
    10 | D        | Reached XP level 2. HP: 6/17 MP: 4/6
    10 | D        | Reached XP level 3. HP: 8/21 MP: 4/7
    11 | D        | HP: 1/31 [necrophage (7)]
    14 | D        | Killed a necrophage
    15 | D        | Reached skill level 8 in Fire Magic
    15 | D        | Reached XP level 4. HP: 2/27 MP: 4/9
    15 | D        | Reached XP level 5. HP: 2/31 MP: 4/10
    35 | D        | Reached skill level 9 in Fire Magic
    41 | D        | Reached XP level 6. HP: 13/37 MP: 0/12
    47 | D        | Learned a level 3 spell: Conjure Flame
    51 | D        | Learned a level 3 spell: Inner Flame
    56 | D        | Learned a level 4 spell: Flame Wave
    59 | D        | Learned a level 2 spell: Scorch
    83 | D        | Noticed a wyvern
    83 | D        | Noticed a wyvern
    93 | D        | Noticed Roxanne
    95 | D        | Noticed a water moccasin
   106 | D        | Killed a water moccasin
   107 | D        | Reached skill level 5 in Stealth
   107 | D        | Reached skill level 5 in Conjurations
   107 | D        | Reached skill level 10 in Fire Magic
   108 | D        | Noticed a water moccasin
   114 | D        | Killed a water moccasin
   115 | D        | Reached skill level 11 in Fire Magic
   123 | D        | Found a hazy altar of Hepliaklqana.
   123 | D        | Found a snail-covered altar of Cheibriados.
   124 | D        | Found a stormy altar of Qazlal.
   124 | D        | Found a viscous altar of Jiyva.
   124 | D        | Found a shadowy altar of Dithmenos.
   124 | D        | Noticed Menkaure
   125 | D        | Found a sacrificial altar of Ru.
   125 | D        | Found an ancient bone altar of Kikubaaqudgha.
   125 | D        | Found a white marble altar of Elyvilon.
   126 | D        | Found an ornate altar of the Wu Jian Council.
   126 | D        | Found a shimmering blue altar of Sif Muna.
   126 | D        | Found a corrupted altar of Lugonu.
   128 | D        | Found a blossoming altar of Fedhas.
   131 | D        | Killed Menkaure
   132 | D        | Reached skill level 5 in Spellcasting
   132 | D        | Reached XP level 7. HP: 27/42 MP: 9/14
   132 | D        | Found a shimmering altar of Xom.
   132 | D        | Found a bloodstained altar of Trog.
   132 | D        | Found a burning altar of Makhleb.
   133 | D        | Found a glowing golden altar of the Shining One.
   133 | D        | Found a basalt altar of Yredelemnul.
   133 | D        | Found a hide-covered altar of Uskayaw.
   135 | D        | Found a glowing silver altar of Zin.
   135 | D        | Found a radiant altar of Vehumet.
   135 | D        | Found a sparkling altar of Nemelex Xobeh.
   136 | D        | Found an opulent altar of Gozag.
   136 | D        | Found an iron altar of Okawaru.
   140 | D        | Became a worshipper of Sif Muna the Loreminder
   152 | D        | Noticed a kraken
   186 | D        | Noticed a yaktaur
   186 | D        | Noticed a hornet
   186 | D        | Noticed a polar bear
   190 | D        | Noticed a polar bear
   191 | D        | Noticed a polar bear
   194 | D        | Killed a polar bear
   195 | D        | Reached skill level 1 in Fighting
   195 | D        | Reached skill level 5 in Dodging
   195 | D        | Reached skill level 12 in Fire Magic
   197 | D        | Slain by a polar bear

Illustrated notes

Levels and vault maps discovered:
D:        the_violet_keep_of_menkaure [sprint2_stairs_cluster_1,
          sprint2_shoproom, sprint2_temple, sprint2_basic_supplies,
          sprint2_obstacle_7, sprint2_obstacle_4, sprint2_obstacle_6,
          sprint2_obstacle_3, sprint2_obstacle_5, sprint2_timed_cluster_1,
          sprint2_smallroom_cluster_1, sprint2_smallroom_final_cluster_1,
          sprint2_transparent_cluster_1, sprint2_second_timed_cluster_1,
          sprint2_sniper_area_1, sprint2_heavy_combat_area_1,
          sprint2_mutation_trap_area_1, sprint2_forest_area_1,
          sprint2_light_combat_area_1, sprint2_behind_water_1,
          sprint2_near_end_vault_1]

Skill      XL: |  1  2  3  4  5  6  7 |
---------------+----------------------+-----
Stealth        | 3 4 5 |  5.8
Spellcasting   | 3 4 5 |  5.9
Conjurations   | 2 3 4 5 6 |  6.4
Fire Magic     | 6 8 9 11 12 | 12.6
Dodging        | 3 4 5 |  5.1
Fighting       | 1 |  1.2
Hexes          | |  0.2

Action                   |  1- 3 |  4- 6 |  7- 9 || total
-------------------------+-------+-------+-------++-------
Melee: Unarmed           |     7 |    10 |       ||    17
       Constrict         |     2 |     2 |       ||     4
       Tentacles         |     1 |     1 |       ||     2
       Punch             |     1 |       |       ||     1
 Cast: Foxfire           |       |    17 |     4 ||    21
       Scorch            |       |     1 |     2 ||     3
       Conjure Flame     |       |     1 |     1 ||     2
       Inner Flame       |       |       |     2 ||     2
  Use: Potion            |     2 |     3 |     1 ||     6
Dodge: Dodged            |     1 |    20 |       ||    21

Table legend: (Time is in decaauts)
 A = Elapsed time spent in this place.
 B = Non-inter-level travel time spent in this place.
 C = Inter-level travel time spent in this place.
 D = Time resting spent in this place.
 E = Time spent auto-exploring this place.
 F = Levels seen in this place.
 G = Mean time per level.
                   A        B        C        D        E       F      G
               +--------+--------+--------+--------+--------+-----+--------+
         Total |    189 |    189 |      0 |      0 |      0 |   1 |  189.0 |
       Dungeon |    189 |    189 |      0 |      0 |      0 |   1 |  189.0 |
               +--------+--------+--------+--------+--------+-----+--------+

Top non-repeatable levels by time:
       D: 189 daAuts
